 Dungeon Crawl Stone Soup version 0.26.1-11-gd32895ea62 (webtiles) character file.

Game seed: 11295253140308375137

62 nop the Sneak (level 3, -4/16 HPs)
             Began as a Spriggan Enchanter on July 14, 2021.
             Killed from afar by an orc wizard (7 damage)
             ... with a magic dart
             ... on level 3 of the Dungeon.
             The game lasted 00:17:06 (2202 turns).

nop the Sneak (Spriggan Enchanter)                  Turns: 2202, Time: 00:17:07

Health: -4/16      AC:  2    Str:  4    XL:     3   Next: 85%
Magic:  8/8        EV: 18    Int: 17    God:
Gold:   85         SH:  5    Dex: 16    Spells: 7/8 levels left

rFire    . . .     SeeInvis +   k - +1 short sword (speed)
rCold    . . .     Faith    .   y - +0 buckler
rNeg     . . .     Spirit   .   b - +0 robe
rPois    .         Reflect  .   (helmet restricted)
rElec    .         Harm     .   (no cloak)
rCorr    .         Rampage  .   (gloves unavailable)
Will     .....                  (boots unavailable)
Stlth    +++.......             (no amulet)
HPRegen  0.05/turn              (no ring)
MPRegen  0.11/turn              (no ring)

@: very quick
A: very small, unfitting armour, see invisible, speed 3
a: no special abilities


You were on level 3 of the Dungeon.
You visited 1 branch of the dungeon, and saw 3 of its levels.

You collected 85 gold pieces.

Inventory:

Hand Weapons
 a - a +1 dagger
 f - a +0 dagger
 g - a +0 club
 j - a +0 dagger
 k - a +1 short sword of speed (weapon)
 o - a +0 dagger
 p - a +0 dagger
 q - a +0 short sword
 s - a +0 dagger
 t - a +0 club
 v - a +0 hunting sling
Missiles
 c - 29 bolts
 d - 59 arrows
 h - 26 stones
 B - 13 poisoned darts
 D - 7 curare-tipped darts
Armour
 b - a +0 robe (worn)
 y - a +0 buckler (worn)
Jewellery
 x - an uncursed amulet of faith
Scrolls
 i - 4 scrolls of identify {unknown}
 u - a scroll of remove curse {unknown}
 w - a scroll of teleportation {unknown}
 z - a scroll of fear {unknown}
 A - a scroll of random uselessness {unknown}
 C - 3 scrolls of immolation {unknown}
Potions
 e - a potion of might {unknown}
 l - 2 potions of attraction {unknown}
 m - a potion of magic {unknown}
 n - a potion of curing {unknown}
 r - a potion of ambrosia {unknown}


   Skills:
 + Level 2.4 Short Blades
 + Level 3.6 Dodging
 + Level 4.6 Stealth
 + Level 3.3 Spellcasting
 + Level 4.2 Hexes


You had 7 spell levels left.
You knew the following spells:

 Your Spells              Type           Power        Failure   Level
a - Corona                Hex            18%          4%          1

Your spell library contained the following spells:

 Spells                   Type           Power        Failure   Level
 Confusing Touch          Hex            17%          14%         3
 Tukima's Dance           Hex            17%          14%         3
 Ensorcelled Hibernation  Hex/Ice        20%          19%         2
 Dazzling Flash           Conj/Hex       20%          34%         3


Dungeon Overview and Level Annotations

Branches:
Dungeon (3/15)

Altars:

Annotations:
D:3 Sigmund


Innate Abilities, Weirdness & Mutations

You are very small and have problems with some larger weapons.
You are too small for most types of armour.
You have supernaturally acute eyesight. (SInv)
You cover ground extremely quickly.


Message History

The puff of flame misses you.
The orc wizard gestures at itself while chanting.
The orc wizard flickers and vanishes for a moment.
Sigmund breathes a few words.
Sigmund's hands start flickering wildly.
Sigmund says, "I'm your fate."
Aiming: Corona (safe; 4% risk of failure)
Press: ? - help, Q - select action, (/) - cycle Shift-Dir - straight line, f - orc
Aim: an orc (chance to affect: 71%)
The orc barely resists.
Sigmund casts a spell at himself.
Sigmund flickers and vanishes for a moment.
The orc wizard points at you and mumbles some strange words.
The puff of frost hits you!
Ouch! That really hurt!
* * * LOW HITPOINT WARNING * * *
You see here an orc corpse.
The orc wizard casts a spell at you. The magic dart hits you!
You die...

...#.#...#
#@.#.###.##########
#....#.......)....#
#..o.#.#.########.#
##...#.#.# .#
.......#.####### .#
....o.o..##....# .#
......<..##o##.##.###
.........#......@...#
.........†....#####.#
############......
.....##. #.....#
#.....# ###.... ...


You could see an orc wizard (fast, invisible).

Vanquished Creatures
  2 adders
  2 oozes
  2 leopard geckos (D:3)
  An orc (D:3)
  2 ball pythons (D:2)
  A giant cockroach (D:1)
  6 goblins
  4 hobgoblins
  5 kobolds
  6 rats
31 creatures vanquished.

Notes
Turn   | Place    | Note
-------+----------+-------------------------------------------
     0 | D:1      | nop the Spriggan Enchanter began the quest for the Orb.
     0 | D:1      | Reached XP level 1. HP: 9/9 MP: 5/5
   332 | D:1      | Reached XP level 2. HP: 7/13 MP: 4/6
  1435 | D:2      | Reached XP level 3. HP: 15/16 MP: 5/8
  1809 | D:3      | Noticed Sigmund
  2202 | D:3      | Killed from afar by an orc wizard

Illustrated notes

Levels and vault maps discovered:
D:1:      dpeg_arrival_subterranean_lakeside_camping, layout_basic,
          serial_rivers, chequers_serial_rivers_marsh,
          chequers_serial_rivers_micro_e, chequers_serial_rivers_marsh,
          chequers_serial_rivers_small_a, chequers_serial_rivers_small_b,
          skrybe_limestone_x
D:2:      layout_basic, minmay_distorted
D:3:      layout_basic, uniq_jessica, uniq_sigmund

Skill      XL: |  1  2  3 |
---------------+----------+-----
Spellcasting   | 3 |  3.3
Hexes          | 4 |  4.2
Short Blades   | 2 |  2.4
Dodging        | |  3.6
Stealth        | |  4.6

Action                   || total
-------------------------++-------
Melee: Dagger            ||    57
       Short sword       ||    84
 Cast: Corona            ||    43
Armor: Robe              ||     8
Dodge: Dodged            ||    96
Block: Buckler           ||     4
